 Dungeon Crawl Stone Soup version 0.18-a0-1203-gbde16db (webtiles) character file.

84 RedPan the Poker (level 4, 0/33 HPs)
             Began as a Merfolk Skald on Feb 1, 2016.
             Slain by an orc
             ... wielding a cursed -2 falchion
              (5 damage)
             ... on level 2 of the Dungeon.
             The game lasted 00:06:42 (2146 turns).

RedPan the Poker (Merfolk Skald)                    Turns: 2146, Time: 00:06:42

Health: 0/33       AC:  3    Str: 12    XL:     4   Next: 46%
Magic:  7/7        EV: 11    Int: 17    God:
Gold:   99         SH:  0    Dex: 13    Spells: 1 memorised, 6 levels left

rFire  . . .     SeeInvis .     a - +0 spear
rCold  . . .     Gourm    .     b - +0 leather armour
rNeg   . . .     Faith    .     (no shield)
rPois  .         Spirit   .     (no helmet)
rElec  .         Dismiss  .     (no cloak)
rCorr  .         Reflect  .     (no gloves)
SustAt .         Harm     .     (no boots)
MR     .....                    (no amulet)
Stlth  +.........               (no ring)
                                (no ring)

@: brilliant, not resistant to hostile enchantments, very unstealthy
A: change form in water, swift swim
a: no special abilities


You were on level 2 of the Dungeon.
You were very hungry.

You visited 1 branch of the dungeon, and saw 3 of its levels.

You collected 99 gold pieces.

Inventory:

Hand Weapons
 a - a +0 spear (weapon)
Armour
 b - a +0 leather armour (worn)
 n - a +0 chain mail
Scrolls
 e - a scroll of random uselessness
 f - a scroll of remove curse
Potions
 g - a potion of ambrosia {unknown}
 h - a potion of curing {unknown}
 l - a potion of brilliance
 p - a potion of poison {unknown}
Books
 c - a book of Battle

   Spells                             Type                      Level
   a - Infusion                       Charms                       1
   b - Shroud of Golubria             Charms/Translocation         2
   c - Song of Slaying                Charms                       2
   d - Spectral Weapon                Hexes/Charms                 3
   e - Regeneration                   Charms/Necromancy            3
Comestibles
 d - 2 bread rations
 m - a meat ration
 q - 5 fruits


   Skills:
 - Level 2.1 Fighting
 + Level 5.8 Polearms
 - Level 0.6 Armour
 - Level 1.5 Dodging
 - Level 2.1 Spellcasting
 - Level 3.8 Charms


You had 6 spell levels left.
You knew the following spells:

 Your Spells              Type           Power        Failure   Level  Hunger
a - Infusion              Chrm           ####         1%          1    #......


Dungeon Overview and Level Annotations

Branches:
Dungeon (3/15)

Altars:
The Shining One


Message History

The orc completely misses you.
You hit the orc but do no damage.
The orc is almost dead.
You barely miss the orc.
The orc is severely wounded.
You hit the orc.
You kill the orc!
You barely miss the orc.
The orc is almost dead.
The orc hits you but does no damage.
You hit the orc but do no damage.
The orc is almost dead.
The orc hits you with a falchion.
* * * LOW HITPOINT WARNING * * *
You hit the orc but do no damage.
The orc is severely wounded.
You closely miss the orc.
The orc is severely wounded.
The orc hits you with a falchion.
You die...

.....######..# ###.####.#.#
.....'...#<..# #......#.#.#
.....###.#...# #.#.##.#.#.#
.##### #.#...# #.#.##.#.#.#
.#######.#...# #.#.##.#.#.#
.......#.#...# #.#.##.#.#.#
.....#...#...# #.#.##.#.#.#
...#.##..#...#######.#.##.#.#.#
.(.+............@oo>.#....#.#.#
...#..<#.#....#####..######.#.#
...#####......# #...........#
...# #......#####.#######.###
...# #..........)..........#
#### #.#...######.#############
######'#.......................
#.>........####......##########
#......(...# #......#


You could see 2 orcs.

Vanquished Creatures
  4 gnolls (D:2)
  An ooze (D:2)
  A giant gecko (D:2)
  An orc (D:2)
  3 giant cockroaches
  7 goblins
  A hobgoblin (D:1)
  4 jackals (D:1)
  7 kobolds
  A quokka (D:2)
  3 bats (D:2)
  A giant newt (D:1)
  4 rats (D:1)
38 creatures vanquished.

Vanquished Creatures (others)
  4 toadstools (D:1)
4 creatures vanquished.

Grand Total: 42 creatures vanquished

Notes
Turn   | Place    | Note
--------------------------------------------------------------
     0 | D:1      | RedPan the Merfolk Skald began the quest for the Orb.
     0 | D:1      | Reached XP level 1. HP: 16/16 MP: 3/3
   147 | D:1      | Reached XP level 2. HP: 11/22 MP: 5/5
   579 | D:1      | Found a glowing golden altar of the Shining One.
   831 | D:1      | Reached XP level 3. HP: 27/27 MP: 6/6
  1037 | D:2      | Reached skill level 4 in Polearms
  1207 | D:2      | Reached skill level 5 in Polearms
  1207 | D:2      | Reached XP level 4. HP: 12/33 MP: 7/7
  1592 | D:2      | Found a faded altar to an unknown god.
  2146 | D:2      | Slain by an orc

Vault maps used:
D:1:      ldierk_water_garden, serial_park_tiny_1, tso_metal_star
D:2:      ecumenical_altar_1
D:3:      fiery_altar_vehumet, lemuel_coloured_pillars_altar,
          lemuel_doored_altar, uniq_sigmund, uniq_grinder

Action                   |  1- 3 |  4- 6 || total
-------------------------+-------+-------++-------
Melee: Spear             |   125 |    79 ||   204
 Cast: Infusion          |     2 |       ||     2
  Use: Scroll            |       |     6 ||     6
       Potion            |       |     1 ||     1
  Eat: Chunk             |       |     3 ||     3
